[Event "Titled Tuesday Blitz March 07 Early 2023"]
[White "Narayanan, Srinath"]
[Black "Bolourchifard, Farzad"]
[WhiteFideId "5018420"]
[BlackFideId "12510084"]
[WhiteElo "2438"]
[BlackElo "2317"]
[Result "0-1"]
[Round "10"]
[TimeControl "180+2"]
[Date "2023.03.07"]
[WhiteClock "0:02:06"]
[BlackClock "0:01:13"]

1. Nf3 d5 2. e3 Nf6 3. c4 c6 4. b3 Bf5 5. Bb2 e6 6. Nc3 h6 7. Be2 Be7 8. O-O O-O 9. d3 a5 10. a3 Nbd7 11. Rc1 Nc5 12. b4 axb4 13. axb4 Ncd7 14. b5 Bh7 15. bxc6 bxc6 16. Nd4 Qb6 17. Ba1 dxc4 18. dxc4 Rfd8 19. Bd3 Bxd3 20. Qxd3 Ne5 21. Qe2 Qa6 22. Nd1 Nxc4 23. Rxc4 Qxa1 24. Nxc6 Re8 25. h3 Bf8 26. Nc3 Qa6 27. Rc1 Rac8 28. Nd1 Rxc6 29. Nb2 Rec8 30. Qc2 Rxc4 31. Nxc4 Nd5 32. Qb3 Nb6 0-1


[Site "https://www.chess.com"]

[Event "Titled Tuesday Blitz March 07 Early 2023"]
[White "Ozen, Bahadir"]
[Black "Aldokhin, Ivan"]
[WhiteFideId "6337058"]
[BlackFideId "24115720"]
[WhiteElo "2503"]
[BlackElo "2322"]
[Result "1/2-1/2"]
[Round "10"]
[TimeControl "180+2"]
[Date "2023.03.07"]
[WhiteClock "0:00:50"]
[BlackClock "0:00:31"]

1. g3 Nf6 2. Nf3 g6 3. Bg2 d6 4. d4 Bg7 5. O-O O-O 6. b3 c5 7. c4 Nc6 8. Bb2 Bg4 9. d5 Na5 10. h3 Bf5 11. Nh4 Bxb1 12. Rxb1 b5 13. Qc2 Qb6 14. Rfc1 Rab8 15. Bf1 Nd7 16. Bxg7 Kxg7 17. e3 bxc4 18. bxc4 Qc7 19. Qc3+ Kg8 20. a3 Rxb1 21. Rxb1 Rb8 22. Rxb8+ Nxb8 23. Nf3 Nd7 24. h4 h5 25. Bd3 Nb7 26. Kg2 Qa5 27. Qb2 Qb6 28. Qc3 Qa5 29. Qb2 Qb6 30. Qc3 Qa5 1/2-1/2


[Site "https://www.chess.com"]

[Event "Titled Tuesday Blitz March 07 Early 2023"]
[White "Csonka, Balazs"]
[Black "Bharath Subramaniyam H"]
[WhiteFideId "742910"]
[BlackFideId "46634827"]
[WhiteElo "2404"]
[BlackElo "2395"]
[Result "0-1"]
[Round "10"]
[TimeControl "180+2"]
[Date "2023.03.07"]
[WhiteClock "0:00:05"]
[BlackClock "0:00:39"]

1. d4 Nf6 2. c4 e6 3. Nf3 c5 4. d5 d6 5. Nc3 exd5 6. cxd5 g6 7. Bf4 a6 8. a4 Bg7 9. h3 O-O 10. e3 Qe7 11. Be2 Nbd7 12. O-O Ne8 13. a5 Rb8 14. Ra3 b5 15. axb6 Rxb6 16. Rb3 Rb4 17. Rxb4 cxb4 18. Na4 Bb7 19. Nd4 Nc5 20. Nc6 Qd7 21. Bg4 f5 22. Bf3 Nf6 23. Nb6 Qc7 24. Nc4 Nfe4 25. Nxb4 a5 26. Nc6 Ba6 27. N6xa5 Bxb2 28. Qc2 Bc3 29. Bxd6 Nxd6 30. Qxc3 Nxc4 31. Nxc4 Na4 32. Qe5 Qxc4 33. Qe6+ Kg7 34. Qe5+ Kh6 35. Ra1 Bb5 36. d6 Qc3 37. Qxc3 Nxc3 38. Ra5 Rd8 39. g4 fxg4 40. hxg4 Rxd6 41. Kg2 Bc6 42. Bxc6 Rxc6 43. f3 Re6 44. e4 Ne2 45. Kf2 Nf4 46. Kg3 g5 47. Rf5 Kg6 48. Ra5 Rf6 49. Ra2 Ne6 50. Rd2 Nf4 51. Rc2 Rb6 52. Rd2 Rb1 53. Rd6+ Kf7 54. Rd7+ Kf6 55. Rxh7 Rb2 56. Rh2 Rxh2 57. Kxh2 Ke5 58. Kg3 Kd4 59. Kf2 Kd3 60. Kg3 Ke2 61. e5 Ke3 62. e6 Nxe6 63. Kg2 Nf4+ 64. Kg3 Ke2 0-1


[Site "https://www.chess.com"]

[Event "Titled Tuesday Blitz March 07 Early 2023"]
[White "Zhigalko, Sergei"]
[Black "Korchmar, Vasiliy"]
[WhiteFideId "13502956"]
[BlackFideId "24131750"]
[WhiteElo "2626"]
[BlackElo "2370"]
[Result "1-0"]
[Round "10"]
[TimeControl "180+2"]
[Date "2023.03.07"]
[WhiteClock "0:00:36"]
[BlackClock "0:00:05"]

1. e4 c5 2. Nf3 d6 3. d4 cxd4 4. Qxd4 Nc6 5. Bb5 a6 6. Bxc6+ bxc6 7. c4 e5 8. Qd3 Nf6 9. O-O Qc7 10. Nc3 Be7 11. Bg5 h6 12. Bh4 O-O 13. Rad1 Rd8 14. Rfe1 Be6 15. b3 a5 16. h3 Nh5 17. Qe3 Bxh4 18. Nxh4 Qe7 19. Nf5 Bxf5 20. exf5 Nf6 21. f4 e4 22. Nxe4 Nxe4 23. Qxe4 Qb7 24. f6 g6 25. f5 g5 26. h4 Qb6+ 27. Kf1 a4 28. hxg5 axb3 29. axb3 Ra2 30. Rd4 Qxb3 31. g6 Rf8 32. g7 1-0


[Site "https://www.chess.com"]

[Event "Titled Tuesday Blitz March 07 Early 2023"]
[White "Yeletsky, Ivan"]
[Black "Martynov, Pavel"]
[WhiteFideId "24180327"]
[BlackFideId "4101260"]
[WhiteElo "2414"]
[BlackElo "2314"]
[Result "0-1"]
[Round "10"]
[TimeControl "180+2"]
[Date "2023.03.07"]
[WhiteClock "0:00:01"]
[BlackClock "0:00:42"]

1. g3 d5 2. Nf3 e6 3. c4 c5 4. cxd5 exd5 5. d4 Nc6 6. Bg2 Nf6 7. O-O Be7 8. b3 O-O 9. Bb2 Re8 10. Nc3 a6 11. Rc1 Bg4 12. dxc5 Bxc5 13. h3 Be6 14. Ng5 Ba7 15. Nxe6 fxe6 16. e3 Kh8 17. Na4 Qe7 18. Qe2 Rad8 19. Rfd1 e5 20. Kh2 e4 21. Rd2 h5 22. Rcd1 h4 23. Nc3 Qe6 24. Na4 hxg3+ 25. fxg3 Ne5 26. Rf1 Nfg4+ 27. hxg4 Nxg4+ 28. Qxg4 Qxg4 29. Rf4 Qg5 30. Bd4 Bxd4 31. Rxd4 Rd6 32. Rh4+ Rh6 33. Bh3 Rxh4 34. gxh4 Qxe3 35. Rxd5 Qf2+ 36. Bg2 Qxh4+ 37. Kg1 e3 38. Nc5 e2 0-1


[Site "https://www.chess.com"]

[Event "Titled Tuesday Blitz March 07 Early 2023"]
[White "Tan, Jun Ying"]
[Black "Yuan, Qingyu"]
[WhiteFideId "5710413"]
[BlackFideId "8609772"]
[WhiteElo "2089"]
[BlackElo "2359"]
[Result "0-1"]
[Round "10"]
[TimeControl "180+2"]
[Date "2023.03.07"]
[WhiteClock "0:00:01"]
[BlackClock "0:00:08"]

1. d4 d5 2. c4 e6 3. Nc3 Be7 4. cxd5 exd5 5. Bf4 c6 6. e3 Bf5 7. g4 Be6 8. h4 Bxh4 9. Qb3 g5 10. Bh2 Qb6 11. Qa3 Nf6 12. Na4 Qd8 13. Nc5 Nxg4 14. Nxb7 Qb6 15. Nd6+ Kd7 16. Nxf7 Bxf7 17. Bh3 h5 18. Qd6+ Kc8 19. O-O-O Rd8 20. Qf6 Be8 21. f3 Bd7 22. fxg4 hxg4 23. Bf1 Na6 24. Ne2 Nc7 25. Nc3 g3 26. Bg1 Rb8 27. b3 Bg4 28. Be2 Bxe2 29. Nxe2 Kb7 30. Qf5 Qa5 31. Qc2 Nb5 32. Qb2 Re8 33. e4 Rxe4 34. Rd3 Qe1+ 35. Rd1 Qxe2 36. Qxe2 Rxe2 0-1


[Site "https://www.chess.com"]

[Event "Titled Tuesday Blitz March 07 Early 2023"]
[White "Nogerbek, Kazybek"]
[Black "Kozak, Antoni"]
[WhiteFideId "13710427"]
[BlackFideId "21832030"]
[WhiteElo "2501"]
[BlackElo "2470"]
[Result "1-0"]
[Round "10"]
[TimeControl "180+2"]
[Date "2023.03.07"]
[WhiteClock "0:01:23"]
[BlackClock "0:00:12"]

1. e4 Nc6 2. Nc3 e5 3. f4 d6 4. Nf3 Be7 5. Bc4 Nf6 6. O-O O-O 7. d3 Na5 8. Bb3 Nxb3 9. axb3 exf4 10. Bxf4 Bg4 11. Qe1 Qd7 12. h3 Bh5 13. Nd4 Bg6 14. Bg5 Rfe8 15. Qh4 h6 16. Bxf6 Bxf6 17. Rxf6 gxf6 18. Nd5 Qd8 19. Nxf6+ Kg7 20. Nxe8+ Qxe8 21. Rf1 Qe5 22. c3 Qg5 23. Qf2 a6 24. b4 Re8 25. Ne2 Qd2 26. Nf4 Qxf2+ 27. Kxf2 f5 28. exf5 Bxf5 29. Re1 Rxe1 30. Kxe1 c6 31. Kf2 Kf6 32. Ke3 Kg5 33. g3 Bd7 34. h4+ Kg4 35. Kf2 Bf5 36. d4 b6 37. Ng2 Be4 38. Ne3+ Kh3 39. Nc4 b5 40. Nxd6 Bd5 41. Nb7 Kg4 42. Nc5 Kh3 43. Nxa6 Kg4 44. Nc7 Be4 45. Ne8 Kh3 46. Nf6 Bh1 47. Ng8 h5 48. Nf6 1-0


[Site "https://www.chess.com"]

[Event "Titled Tuesday Blitz March 07 Early 2023"]
[White "Czopor, Maciej"]
[Black "Hayrapetyan, Hovik"]
[WhiteFideId "21805431"]
[BlackFideId "13302639"]
[WhiteElo "2324"]
[BlackElo "2348"]
[Result "0-1"]
[Round "10"]
[TimeControl "180+2"]
[Date "2023.03.07"]
[WhiteClock "0:00:11"]
[BlackClock "0:00:35"]

1. c4 Nf6 2. Nc3 e6 3. e4 d5 4. e5 d4 5. exf6 dxc3 6. bxc3 Qxf6 7. d4 b6 8. Be2 Bb7 9. Bf3 Bxf3 10. Nxf3 Bd6 11. O-O O-O 12. Bg5 Qf5 13. Qa4 Qe4 14. Rfe1 Qc6 15. Qb3 Qd7 16. d5 exd5 17. cxd5 Na6 18. c4 Nc5 19. Qc2 Rfe8 20. h3 Qa4 21. Qxa4 Nxa4 22. Nd4 Nb2 23. Rxe8+ Rxe8 24. Nb5 h6 25. Nxd6 cxd6 26. Bf4 Nxc4 27. f3 g5 28. Bg3 Re2 29. Rc1 Ne3 30. Bxd6 Rxg2+ 31. Kh1 Rd2 32. Rc8+ Kh7 33. Bb8 Nxd5 34. Bxa7 Rxa2 35. Rd8 Rxa7 36. Rxd5 Rb7 37. Rb5 Kg6 38. Kg2 Kf6 39. Kf2 Ke6 40. Ke3 Kd6 41. Kd4 Kc6 42. Kc4 Ra7 43. Rf5 Ra4+ 44. Kb3 Rf4 0-1


[Site "https://www.chess.com"]

[Event "Titled Tuesday Blitz March 07 Early 2023"]
[White "Santos Ruiz, Miguel"]
[Black "Fiorito, Joaquin"]
[WhiteFideId "22291482"]
[BlackFideId "180173"]
[WhiteElo "2504"]
[BlackElo "2157"]
[Result "1-0"]
[Round "10"]
[TimeControl "180+2"]
[Date "2023.03.07"]
[WhiteClock "0:00:23"]
[BlackClock "0:00:02"]

1. b3 d5 2. Bb2 c5 3. e3 Nf6 4. Nf3 Nc6 5. Bb5 Bd7 6. O-O a6 7. Bxc6 Bxc6 8. Ne5 Rc8 9. d3 g6 10. Nd2 Bg7 11. f4 O-O 12. Qe2 b5 13. a4 Bb7 14. Ndf3 Ne8 15. axb5 axb5 16. Ra7 Nd6 17. Rfa1 f6 18. Ng4 Qb6 19. h4 Ra8 20. Rxa8 Rxa8 21. Rxa8+ Bxa8 22. h5 Qa5 23. hxg6 hxg6 24. Nh4 Kf7 25. Nf2 Qa2 26. Bc3 b4 27. Be1 Qb1 28. Kf1 Nf5 29. Nxf5 gxf5 30. Qh5+ Kf8 31. Qxf5 Kf7 32. Qh5+ Kf8 33. Qh3 Kf7 34. Qc8 Qa2 35. Qxc5 Bf8 36. Bxb4 Bb7 37. Qc7 Ba6 38. Kg1 Qb1+ 39. Kh2 Qf1 40. Nh3 Qe2 41. Qc6 Qxe3 42. Qxa6 Qe2 43. Qc6 Bh6 44. Qxd5+ Kg7 45. Qe4 Qxc2 46. Qxe7+ Kg6 47. f5+ Kxf5 48. Qe4# 1-0


[Site "https://www.chess.com"]

[Event "Titled Tuesday Blitz March 07 Early 2023"]
[White "Krzyzanowski, Marcin"]
[Black "Gabdrakhmanov, Azat"]
[WhiteFideId "1132199"]
[BlackFideId "34189197"]
[WhiteElo "2471"]
[BlackElo "2266"]
[Result "1-0"]
[Round "10"]
[TimeControl "180+2"]
[Date "2023.03.07"]
[WhiteClock "0:00:46"]
[BlackClock "0:00:56"]

1. e4 c5 2. Nf3 e6 3. g3 Nc6 4. Bg2 Nf6 5. Qe2 e5 6. d3 Be7 7. O-O O-O 8. c3 d5 9. a4 dxe4 10. dxe4 Be6 11. Na3 Qc7 12. Nc4 Rad8 13. Bg5 h6 14. Bxf6 Bxf6 15. Ne3 Bg5 16. Nxg5 hxg5 17. Qh5 f6 18. Bh3 Bf7 19. Qe2 Ne7 20. Rfd1 g6 21. Qf3 Kg7 22. Rxd8 Rxd8 23. Rd1 Rh8 24. Rd7 Qc8 25. Rxe7 Qxh3 26. Ng4 Rf8 27. Qxf6+ Kg8 28. Qxg5 Qh8 29. Nh6+ Kg7 30. Nxf7 Rxf7 31. Qxe5+ Kf8 32. Re8# 1-0


[Site "https://www.chess.com"]

[Event "Titled Tuesday Blitz March 07 Early 2023"]
[White "Shapiro, Viktor"]
[Black "Atakhan, Abtin"]
[WhiteFideId "4175700"]
[BlackFideId "22502203"]
[WhiteElo "2152"]
[BlackElo "2008"]
[Result "0-1"]
[Round "10"]
[TimeControl "180+2"]
[Date "2023.03.07"]
[WhiteClock "0:00:42"]
[BlackClock "0:00:24"]

1. c4 Nf6 2. Nc3 e5 3. Nf3 Nc6 4. g3 Nd4 5. Bg2 Nxf3+ 6. Bxf3 Bb4 7. O-O O-O 8. Qb3 Bc5 9. d3 c6 10. Bg2 Re8 11. Bg5 Be7 12. h3 d6 13. e3 h6 14. Bxf6 Bxf6 15. Rad1 Qe7 16. d4 Bf5 17. g4 Bg6 18. d5 c5 19. Be4 Bh4 20. Qc2 Rf8 21. Bxg6 fxg6 22. Qxg6 Rf6 23. Qc2 Raf8 24. Kg2 Rxf2+ 25. Rxf2 Rxf2+ 26. Qxf2 Bxf2 27. Kxf2 e4 28. Ke2 Qe5 29. Rf1 a6 30. Rf4 b5 31. cxb5 axb5 32. Rxe4 Qh2+ 33. Kd1 Qxb2 34. Re8+ Kf7 0-1


[Site "https://www.chess.com"]

[Event "Titled Tuesday Blitz March 07 Early 2023"]
[White "Real_OceanStorm"]
[Black "Derjabin, Ilja"]
[BlackFideId "14104768"]
[WhiteElo "2767"]
[BlackElo "2309"]
[Result "1-0"]
[Round "10"]
[TimeControl "180+2"]
[Date "2023.03.07"]
[WhiteClock "0:00:04"]
[BlackClock "0:00:02"]

1. e4 e6 2. f4 d5 3. e5 c5 4. Nf3 Nc6 5. g4 Nd4 6. h4 Nxf3+ 7. Qxf3 Ne7 8. Rg1 Nc6 9. g5 g6 10. c3 h5 11. b3 b6 12. Na3 Bb7 13. Nc2 d4 14. Bb2 Qd7 15. Qe2 O-O-O 16. cxd4 cxd4 17. Rg3 Kb8 18. a3 Be7 19. O-O-O Rc8 20. Kb1 Rhd8 21. b4 a6 22. Rc1 b5 23. Qf2 Qd5 24. Bg2 Qd7 25. Rd3 a5 26. Bxd4 axb4 27. Ba7+ Nxa7 28. Rxd7 Rxd7 29. Bxb7 Rxb7 30. Qf3 bxa3 31. Nxa3 Rxc1+ 32. Kxc1 Rc7+ 33. Kb2 b4 34. Qb3 Kc8 35. Nc4 Nb5 36. Qd3 Na3 37. Nd6+ Bxd6 38. exd6 Rd7 39. Qa6+ Kb8 40. Qc6 Rb7 41. d7 Nc4+ 42. Kc1 Rc7 43. d8=Q+ 1-0


[Site "https://www.chess.com"]

[Event "Titled Tuesday Blitz March 07 Early 2023"]
[White "Orozbaev, Eldiar"]
[Black "Petukhov, Dmitry"]
[WhiteFideId "13802240"]
[BlackFideId "4142748"]
[WhiteElo "2201"]
[BlackElo "2311"]
[Result "1/2-1/2"]
[Round "10"]
[TimeControl "180+2"]
[Date "2023.03.07"]
[WhiteClock "0:00:08"]
[BlackClock "0:00:09"]

1. e4 c5 2. c3 d5 3. exd5 Qxd5 4. d4 Nf6 5. Nf3 Bg4 6. dxc5 Qxd1+ 7. Kxd1 e5 8. h3 Bxf3+ 9. gxf3 Bxc5 10. Be3 Nbd7 11. Kc2 O-O-O 12. Nd2 Rhe8 13. Bc4 Re7 14. Rad1 a6 15. a4 e4 16. fxe4 Bxe3 17. fxe3 Nxe4 18. Nxe4 Rxe4 19. Bxf7 Rxe3 20. Rhe1 Rxe1 21. Rxe1 Rf8 22. Be6 Kc7 23. Bg4 Rf7 24. b4 Nf6 25. Bf5 g6 26. Bd3 Nd5 27. Bc4 Rf5 28. Bxd5 Rxd5 29. Re7+ Rd7 30. Re8 Rd5 31. c4 Rh5 32. Re3 b5 33. axb5 axb5 34. c5 Rh4 35. Kc3 Kc6 36. Re6+ Kc7 37. Re3 Kc6 38. Rd3 Kc7 39. Rf3 Kc6 40. Rf6+ Kc7 41. Rb6 Rxh3+ 42. Kd4 g5 43. Rxb5 g4 44. Ra5 g3 45. Ra7+ Kc6 46. Rg7 h5 47. Rg6+ Kb5 48. c6 Kb6 49. Kd5 h4 50. Rg7 Rh2 51. Rb7+ Ka6 52. b5+ Ka5 53. c7 Rc2 54. Rb8 Rxc7 55. Rg8 Kxb5 56. Ke4 Rc2 57. Kf3 Rf2+ 58. Kg4 Rh2 59. Kf3 Kc4 60. Rd8 Rf2+ 61. Ke3 h3 62. Rg8 Rg2 63. Kf3 Rg1 64. Rc8+ Kd5 65. Rd8+ Ke6 66. Rh8 Kf7 67. Rxh3 Rf1+ 68. Kg2 Rf6 69. Kxg3 Rg6+ 70. Kf4 Rf6+ 71. Ke5 Re6+ 72. Kd5 Rf6 73. Rh7+ Kg6 74. Re7 Rf5+ 75. Re5 Rxe5+ 76. Kxe5 1/2-1/2


[Site "https://www.chess.com"]

[Event "Titled Tuesday Blitz March 07 Early 2023"]
[White "Nazari, Arad"]
[Black "Aarav Dengla"]
[WhiteFideId "12577324"]
[BlackFideId "45059756"]
[WhiteElo "2313"]
[BlackElo "2285"]
[Result "1-0"]
[Round "10"]
[TimeControl "180+2"]
[Date "2023.03.07"]
[WhiteClock "0:00:17"]
[BlackClock "0:00:05"]

1. e4 c5 2. Nf3 d6 3. Bb5+ Nc6 4. Bxc6+ bxc6 5. O-O Nf6 6. Re1 e6 7. c3 Be7 8. d4 cxd4 9. cxd4 O-O 10. Nc3 Bb7 11. h3 c5 12. dxc5 dxc5 13. Qe2 Qb6 14. b3 Rfd8 15. Qc2 Ba6 16. Bg5 h6 17. Na4 Qc7 18. Bxf6 Bxf6 19. e5 Be7 20. Rac1 Rac8 21. Nb2 Qa5 22. Re4 Bg5 23. Nxg5 Rd2 24. Qb1 hxg5 25. Ra4 Qb6 26. Nc4 Bxc4 27. Raxc4 g6 28. Qe4 a5 29. Qe3 Rxa2 30. Qxg5 Rb2 31. Rh4 Qd8 32. Qh6 Qxh4 33. Qxh4 Rxb3 34. Qa4 Rb7 35. Qxa5 c4 36. g4 Rbc7 37. Rc3 Rc5 38. Qb6 Rxe5 39. Kg2 Rd5 40. Qb7 Rdc5 41. h4 Kg7 42. g5 R8c7 43. Qb8 Rc8 44. Qd6 R5c6 45. Qe7 Kg8 46. Qf6 Rc5 47. Rf3 R5c7 48. h5 gxh5 49. Rh3 Rc5 50. Rxh5 Rxg5+ 51. Rxg5+ Kf8 52. Qh8+ Ke7 53. Qxc8 Kf6 54. Qd8# 1-0


[Site "https://www.chess.com"]

[Event "Titled Tuesday Blitz March 07 Early 2023"]
[White "Fathy, Elameir"]
[Black "Aradhya, Garg"]
[WhiteFideId "10600396"]
[BlackFideId "25006746"]
[WhiteElo "2311"]
[BlackElo "2263"]
[Result "0-1"]
[Round "10"]
[TimeControl "180+2"]
[Date "2023.03.07"]
[WhiteClock "0:00:36"]
[BlackClock "0:02:01"]

1. d4 d5 2. c4 c6 3. Nc3 Nf6 4. e3 Bf5 5. cxd5 cxd5 6. Qb3 Nc6 7. Qxb7 Bd7 8. Qb3 Rb8 9. Qd1 e5 10. dxe5 Nxe5 11. Be2 Bd6 12. Nf3 O-O 13. O-O Qe7 14. Nd4 Rfc8 15. a4 Nc4 16. Qc2 h5 17. Nf5 Bxh2+ 18. Kxh2 Qe5+ 19. Ng3 h4 20. Bxc4 Rxc4 21. e4 hxg3+ 22. fxg3 Ng4+ 0-1


[Site "https://www.chess.com"]

[Event "Titled Tuesday Blitz March 07 Early 2023"]
[White "Ansh M Shah"]
[Black "Kramnik, Vladimir"]
[WhiteFideId "25033379"]
[BlackFideId "4101588"]
[WhiteElo "2084"]
[BlackElo "2712"]
[Result "0-1"]
[Round "10"]
[TimeControl "180+2"]
[Date "2023.03.07"]
[WhiteClock "0:00:02"]
[BlackClock "0:01:39"]

1. d4 Nf6 2. c4 e6 3. g3 Bb4+ 4. Nd2 c5 5. a3 Bxd2+ 6. Qxd2 cxd4 7. Nf3 d5 8. cxd5 e5 9. Nxe5 Qxd5 10. Nf3 Nc6 11. Bg2 O-O 12. O-O Bf5 13. Rd1 Be4 14. Qg5 Qb3 15. Bf4 Qxb2 16. Ne5 Bxg2 17. Kxg2 Qxe2 18. Nxc6 bxc6 19. Be5 Qxf2+ 20. Kxf2 Ne4+ 21. Kg2 Nxg5 22. Rxd4 Rfe8 23. h4 Rxe5 24. hxg5 Rxg5 25. Rad1 g6 26. Ra4 Rd5 27. Rc1 Rd6 28. Ra6 h5 29. Rc5 Rb8 30. Rxa7 Rb2+ 31. Kh3 Rb3 32. Ra8+ Kg7 33. Ra6 Rdd3 34. Kh2 Rxg3 35. Rcxc6 Rgd3 36. Rc7 Rb2+ 0-1


[Site "https://www.chess.com"]

[Event "Titled Tuesday Blitz March 07 Early 2023"]
[White "Sharapov, Evgeny"]
[Black "Fier, Alexandr"]
[WhiteFideId "14103133"]
[BlackFideId "2107139"]
[WhiteElo "2367"]
[BlackElo "2610"]
[Result "0-1"]
[Round "10"]
[TimeControl "180+2"]
[Date "2023.03.07"]
[WhiteClock "0:00:01"]
[BlackClock "0:01:08"]

1. e4 d5 2. exd5 Qxd5 3. Nc3 Qa5 4. d4 Nf6 5. Nf3 c6 6. Bc4 Bf5 7. Bd2 e6 8. Qe2 Qb6 9. Bb3 Be7 10. O-O-O Nbd7 11. h3 h6 12. g4 Bh7 13. Ne5 Nd5 14. Nxd5 cxd5 15. Ba4 O-O-O 16. Nxf7 Qxd4 17. Bb3 Nc5 18. Nxh8 Rxh8 19. Bc3 Qf4+ 20. Kb1 Bf6 21. Bxf6 Qxf6 22. Rhe1 Rd8 23. Qe3 b6 24. Qd4 Rf8 25. Qxf6 Rxf6 26. Re2 Kc7 27. Rf1 a5 28. Rfe1 Kd6 29. Kc1 a4 30. Bxa4 Nxa4 31. Rd2 Nc5 32. Re3 Ne4 33. Rde2 Nxf2 34. Rb3 Kc7 35. Rc3+ Kb7 36. b3 Ne4 37. Rce3 b5 38. Kb2 b4 39. a3 bxa3+ 40. Kxa3 Kc6 41. c4 Kc5 42. cxd5 exd5 43. Rc2+ Kd4 44. Re1 Nc3 45. Rd2+ Kc5 46. Kb2 d4 47. Re5+ Nd5 48. g5 hxg5 49. Rxg5 Rf7 50. Rdg2 Be4 51. Rxg7 Rf1 52. Re2 Rb1+ 53. Ka3 Nc3 54. Rg5+ Kb6 55. Rd2 d3 56. Kb4 Rc1 57. Rc5 Na2+ 58. Rxa2 Rxc5 59. h4 Rc2 0-1


[Site "https://www.chess.com"]

[Event "Titled Tuesday Blitz March 07 Early 2023"]
[White "Reprintsev, Alexander"]
[Black "Costachi, Mihnea"]
[WhiteFideId "14100541"]
[BlackFideId "1217518"]
[WhiteElo "2229"]
[BlackElo "2456"]
[Result "0-1"]
[Round "10"]
[TimeControl "180+2"]
[Date "2023.03.07"]
[WhiteClock "0:01:43"]
[BlackClock "0:01:05"]

1. e4 c5 2. b3 e6 3. Qe2 Nc6 4. Bb2 e5 5. f4 d6 6. Nc3 Nd4 7. Qd3 g6 8. Nf3 Bg7 9. O-O-O Bg4 10. Ne2 Bxf3 11. gxf3 Ne7 12. Nxd4 cxd4 13. c3 dxc3 14. dxc3 Bh6 15. Qxd6 Bxf4+ 16. Kb1 Qxd6 17. Rxd6 O-O 18. h4 Rfd8 19. Ba3 Nc6 20. Bb5 Rxd6 21. Bxd6 Rd8 22. Bxc6 bxc6 23. Bc5 a6 24. h5 Rd3 25. hxg6 fxg6 26. c4 Rxf3 27. Rd1 h5 28. Rd6 Kg7 29. Rxc6 h4 30. Rc7+ Kh6 31. Rc8 h3 32. Be7 h2 33. Rh8+ Kg7 34. Rh4 Rf1+ 35. Kc2 h1=Q 36. Rxh1 Rxh1 37. b4 Kf7 38. Bd8 Ke8 0-1


[Site "https://www.chess.com"]

[Event "Titled Tuesday Blitz March 07 Early 2023"]
[White "Cherniaiev, Tykhon"]
[Black "Fernandez Garcia, Gumersindo"]
[WhiteFideId "14182360"]
[BlackFideId "24516740"]
[WhiteElo "2450"]
[BlackElo "2093"]
[Result "1-0"]
[Round "10"]
[TimeControl "180+2"]
[Date "2023.03.07"]
[WhiteClock "0:01:03"]
[BlackClock "0:00:14"]

1. Nf3 d5 2. d4 Nf6 3. c4 e6 4. Nc3 Be7 5. Bg5 h6 6. Bxf6 Bxf6 7. cxd5 exd5 8. e3 c6 9. Be2 O-O 10. O-O Re8 11. b4 b5 12. a4 bxa4 13. Qxa4 Bb7 14. Rfc1 Nd7 15. b5 Nb6 16. Qb3 Qd7 17. Na4 Nxa4 18. Qxa4 Rec8 19. bxc6 Bxc6 20. Qa5 Bd8 21. Qd2 Bb5 22. Ne5 Qe8 23. Bf3 Rxc1+ 24. Qxc1 Bf6 25. Bxd5 Bxe5 26. Bxa8 Qxa8 27. dxe5 a5 28. Qc5 Qa6 29. Qd6 a4 30. Qxa6 1-0


[Site "https://www.chess.com"]

[Event "Titled Tuesday Blitz March 07 Early 2023"]
[White "Karthik Rajaa"]
[Black "Ljukin, Sergei"]
[WhiteFideId "25035215"]
[BlackFideId "14102200"]
[WhiteElo "2215"]
[BlackElo "2312"]
[Result "0-1"]
[Round "10"]
[TimeControl "180+2"]
[Date "2023.03.07"]
[WhiteClock "0:00:16"]
[BlackClock "0:00:09"]

1. Nf3 d5 2. d4 Nf6 3. c4 c6 4. Nc3 dxc4 5. a4 Bf5 6. Ne5 Na6 7. f3 Nd7 8. Nxc4 e5 9. dxe5 Qh4+ 10. g3 Qxc4 11. e4 Qe6 12. exf5 Qxe5+ 13. Qe2 Nb4 14. Kf2 Bc5+ 15. Kg2 O-O 16. Qxe5 Nxe5 17. Ne4 Bd4 18. Bd2 Nd5 19. Bc3 Ne3+ 20. Kf2 Nxf5+ 21. Bxd4 Nxd4 22. Bg2 Rad8 23. Rhd1 Rfe8 24. h3 f5 25. Nc3 Nb3 26. Rxd8 Rxd8 27. Rd1 Rxd1 28. Nxd1 Nc5 29. f4 Nc4 30. Bf1 Nd6 31. a5 a6 32. b4 Nce4+ 33. Kf3 Nd2+ 34. Ke2 Nxf1 35. Kxf1 Kf7 36. Nb2 Ke6 37. Ke2 Ne4 38. g4 Nc3+ 39. Kd3 Nd5 40. Kc4 Nxf4 41. gxf5+ Kxf5 42. h4 g5 43. hxg5 Kxg5 44. Kc5 Nd5 45. Nc4 h5 46. Nd6 h4 47. Nxb7 h3 48. Kxc6 Nxb4+ 49. Kb6 h2 0-1


[Site "https://www.chess.com"]

[Event "Titled Tuesday Blitz March 07 Early 2023"]
[White "Fiedorek, Michal"]
[Black "Matinian, Nikita"]
[WhiteFideId "1199528"]
[BlackFideId "24129100"]
[WhiteElo "2135"]
[BlackElo "2422"]
[Result "0-1"]
[Round "10"]
[TimeControl "180+2"]
[Date "2023.03.07"]
[WhiteClock "0:00:11"]
[BlackClock "0:01:24"]

1. e4 c5 2. Nf3 e6 3. d4 cxd4 4. Nxd4 Nc6 5. Nc3 Qc7 6. Be3 a6 7. Qf3 h5 8. O-O-O Ne5 9. Qg3 h4 10. Qh3 b5 11. f4 Nc4 12. Bf2 Qxf4+ 13. Kb1 Qxf2 14. Bxc4 Qf4 15. Rhf1 Qc7 16. Qf3 Nh6 17. Bb3 Bb7 18. g4 hxg3 19. hxg3 Bb4 20. g4 Bxc3 21. bxc3 f6 22. Qh3 O-O-O 23. Qg2 Nf7 24. a4 bxa4 25. Bxa4 Ng5 26. Rfe1 Rh2 27. Qf1 Nxe4 28. Rxe4 Bxe4 29. Qxa6+ Qb7+ 30. Qxb7+ Bxb7 0-1


[Site "https://www.chess.com"]

[Event "Titled Tuesday Blitz March 07 Early 2023"]
[White "Rastbod, Ali"]
[Black "Hirneise, Jens"]
[WhiteFideId "12567477"]
[BlackFideId "24614734"]
[WhiteElo "2211"]
[BlackElo "2345"]
[Result "1-0"]
[Round "10"]
[TimeControl "180+2"]
[Date "2023.03.07"]
[WhiteClock "0:01:05"]
[BlackClock "0:01:46"]

1. Nf3 c5 2. c4 b6 3. g3 Bb7 4. Bg2 Nf6 5. O-O e6 6. Nc3 Be7 7. d4 cxd4 8. Qxd4 O-O 9. Rd1 Nc6 10. Qf4 Rc8 11. b3 Ba8 12. Bb2 Qc7 13. Qxc7 Rxc7 14. Nb5 Rb7 15. Ne5 Rc8 16. Nd6 Bxd6 17. Rxd6 Rbc7 18. Rad1 Nxe5 19. Bxe5 Bxg2 20. Kxg2 Rc5 21. Bxf6 gxf6 22. Rxd7 Ra5 23. a4 a6 24. Rd8+ Rxd8 25. Rxd8+ Kg7 26. Rb8 b5 27. cxb5 axb5 28. Rxb5 Rxb5 29. axb5 Kf8 30. b6 Ke8 31. b7 Kd7 32. b8=Q 1-0


[Site "https://www.chess.com"]

[Event "Titled Tuesday Blitz March 07 Early 2023"]
[White "Manelyuk, Daniil"]
[Black "Buksa, Nataliya"]
[WhiteFideId "44173920"]
[BlackFideId "14123622"]
[WhiteElo "2259"]
[BlackElo "2316"]
[Result "0-1"]
[Round "10"]
[TimeControl "180+2"]
[Date "2023.03.07"]
[WhiteClock "0:00:12"]
[BlackClock "0:00:11"]

1. e4 c5 2. Nf3 Nc6 3. d4 cxd4 4. Nxd4 e5 5. Nb5 d6 6. N1c3 a6 7. Na3 Be7 8. Nd5 Nf6 9. Nxf6+ Bxf6 10. c4 O-O 11. Nc2 Nd4 12. Nxd4 exd4 13. Bd3 b5 14. O-O Qb6 15. cxb5 axb5 16. f4 Be6 17. Bd2 Bc4 18. Qe2 Rfe8 19. b3 Re7 20. e5 Bxd3 21. Qf3 d5 22. exf6 Be4 23. Qg3 Qxf6 24. f5 h6 25. a4 bxa4 26. bxa4 d3 27. a5 d4 28. Rae1 Kh7 29. Rf4 Rae8 30. h4 Bb7 31. Rxe7 Rxe7 32. Qxd3 Rd7 33. Rg4 Qe5 34. a6 Ba8 35. h5 f6 36. Bf4 Qa5 37. Kh2 Rd5 38. Rg6 Rd7 39. Bxh6 Qd5 40. Bf4 Qe4 41. Qg3 Qxf5 42. h6 Qh5+ 43. Kg1 Qxg6 44. Qh3 Qb1+ 45. Kh2 f5 46. hxg7+ Kxg7 47. Qg3+ Kf7 48. Qg5 Qb5 49. Qh5+ Ke6 50. Qg6+ Kd5 51. Qxf5+ Kc4 52. Qc2+ Kb4 53. Bd2+ Ka3 54. Bc1+ Kb4 55. Bd2+ Ka3 56. Qc1+ Kb3 57. Qb1+ Kc4 58. Qc2+ Kd5 59. Qf5+ Kc4 60. Qc2+ Kd5 61. Qf5+ Kc6 62. Qe6+ Rd6 63. Qc8+ Kb6 64. Qxa8 Qh5+ 65. Kg1 Qd1+ 66. Kh2 Qxd2 67. Qb7+ Kc5 68. Qc7+ Kd5 69. Qf7+ Re6 70. Qd7+ Ke5 71. Qc7+ Ke4 72. Qb7+ Kd3 73. a7 Qh6+ 74. Kg3 Re3+ 75. Kf2 Qf4+ 76. Qf3 Rxf3+ 77. gxf3 Qe3+ 78. Kg3 Qe8 79. Kg4 Qa8 80. f4 Qxa7 81. f5 Ke4 82. f6 Ke5 83. f7 Qxf7 84. Kg5 d3 85. Kg4 d2 86. Kg3 Ke4 87. Kg2 Ke3 88. Kh2 Qg6 89. Kh1 Kf3 90. Kh2 Qg2# 0-1


[Site "https://www.chess.com"]